 Dungeon Crawl Stone Soup version 0.29-a0-378-gc08b2e8bf8 (webtiles) character file.

Game seed: 9287357151839212774

16 zeratav the Sneak (level 2, 0/18 HPs)
             Began as a Kobold Enchanter on May 4, 2022.
             Killed from afar by a dart slug (5 damage)
             ... with a slug dart
             ... on level 1 of the Dungeon.
             The game lasted 00:00:37 (403 turns).

zeratav the Sneak (Kobold Enchanter)                 Turns: 403, Time: 00:00:37

Health: 0/18       AC:  2    Str:  5    XL:     2   Next: 75%
Magic:  5/5        EV: 15    Int: 16    God:
Gold:   31         SH:  0    Dex: 15    Spells: 5/5 levels left

rFire   . . .      SeeInvis .   a - +1 dagger {short}
rCold   . . .      Faith    .   (no shield)
rNeg    . . .      Spirit   .   b - +0 robe
rPois   .          Reflect  .   (no helmet)
rElec   .          Harm     .   (no cloak)
rCorr   .          Rampage  .   (no gloves)
Will    .....                   (no boots)
Stlth   ++++......              (no amulet)
HPRegen 0.06/turn               (no ring)
MPRegen 0.09/turn               (no ring)

@: no status effects
A: small, no large weapons, nightstalker 3
a: no special abilities


You were on level 1 of the Dungeon.
You visited 1 branch of the dungeon, and saw 1 of its levels.

You collected 31 gold pieces.


Innate Abilities, Weirdness & Mutations

You are small and have problems with some larger weapons.
You are completely attuned to the shadows.


   Skills:
 + Level 2.4 Fighting
 - Level 1.3 Short Blades
 - Level 2.4 Dodging
 - Level 4.0 Stealth
 - Level 2.1 Spellcasting
 - Level 3.0 Hexes


You had 5 spell levels left.
You didn't know any spells.
Your spell library contained the following spells:

 Spells                   Type           Power      Damage    Failure   Level
 Ensorcelled Hibernation  Hex/Ice        12%        N/A       17%         2
 Confusing Touch          Hex            11%        N/A       19%         3
 Tukima's Dance           Hex            11%        N/A       19%         3
 Dazzling Flash           Conj/Hex       12%        N/A       32%         3

Inventory:

Hand Weapons
 a - a +1 dagger (weapon) {short}
Armour
 b - a +0 robe (worn)
 e - a +2 pair of gloves
   (You found it on level 1 of the Dungeon)
Scrolls
 d - a scroll of summoning {unknown}
Potions
 c - 2 potions of invisibility

Dungeon Overview and Level Annotations

Branches:
Dungeon (1/15)

Altars:

≈≈##..##.##......###.##[
.≈8..###....#....## ....
P.'.## ######.##..##..#
.≈8.# #.###..#.# ≈≈###
#.##.....# ≈≈#
##.#..##..# ≈##
#..#.###..# .....#..l.#
....#@......
....)w.......
.............
..........!. ..........


You could see a dart slug and a frilled lizard.


Message History

MASSIVE DAMAGE!! (PAUSE)
You hit the endoplasm but do no damage. The endoplasm completely misses you.
You hit the endoplasm.
You kill the endoplasm!
Your Fighting skill increases to level 1!
You now have 12 max hp (+1).
You start resting.
A hobgoblin comes into view.
HP[+8]
You regained 8 hp, and now have 10/12 hp.
The hobgoblin closely misses you.
HP[+1]
You completely miss the hobgoblin. The hobgoblin hits you.
HP[-1]
You take 1 damage, and now have 10/12 hp.
You hit the hobgoblin. You hit the hobgoblin.
You kill the hobgoblin!
You now have 31 gold pieces (gained 9).
You see here a +0 short sword {short}.
You start resting.
HP[+2]
Your hp is fully restored (12).
Things that are here:
a +0 club {mace}; a stone {throwing}
d - a scroll labelled SYISEU GICS A dart slug and a gnoll come into view.
You see here a +2 pair of gloves.
e - a +2 pair of gloves A goblin comes into view.
It is wielding a +0 club.
A ball python comes into view.
The helpless gnoll fails to defend itself.
You puncture the gnoll!
You kill the gnoll!
The ball python hisses angrily.
Your Fighting skill increases to level 2!
You have reached level 2!
HP[+5] MP[+2]
You now have 17 max hp (+5).
Your hp is fully restored (17).
Your mp is fully restored (5).
You hit the ball python.
The goblin shouts!
You hear an angry hiss.
The ball python bites you. The ball python grabs you.
The ball python constricts you.
HP[-2]
You take 2 damage, and now have 15/17 hp.
You hit the ball python. The ball python barely misses you.
The ball python constricts you.
HP[-1]
You take 1 damage, and now have 14/17 hp.
You completely miss the ball python. The ball python misses you.
The ball python constricts you. The goblin hits you but does no damage.
You closely miss the ball python. The ball python misses you.
The ball python constricts you. The goblin completely misses you.
HP[-1]
You take 1 damage, and now have 13/17 hp.
You hit the ball python.
You kill the ball python!
The goblin misses you. The dart slug barely misses you.
You now have 18 max hp (+1).
You are too injured to fight recklessly!
You are too injured to fight recklessly!
You are too injured to fight recklessly!
You are too injured to fight recklessly!
You are too injured to fight recklessly!
You are too injured to fight recklessly!
You are too injured to fight recklessly!
You are too injured to fight recklessly!
You are too injured to fight recklessly!
You closely miss the goblin. The goblin misses you.
The dart slug barely misses you.
HP[+1]
You barely miss the goblin. The goblin misses you.
You closely miss the goblin. The goblin hits you with a +0 club.
HP[-4]
You take 4 damage, and now have 10/18 hp.
MASSIVE DAMAGE!! (PAUSE)
You closely miss the goblin. The goblin closely misses you.
You closely miss the goblin. The goblin completely misses you.
You barely miss the goblin. The goblin hits you with a +0 club.
* * * LOW HITPOINT WARNING * * *
HP[-3]
You take 3 damage, and now have 7/18 hp.
You hit the goblin. The goblin closely misses you.
You closely miss the goblin. The goblin misses you.
You hit the goblin.
You kill the goblin!
The dart slug launches a dart at you. The slug dart hits you.
* * * LOW HITPOINT WARNING * * *
HP[-2]
You take 2 damage, and now have 5/18 hp.
A frilled lizard comes into view.
Things that are here:
a +0 club {mace}; a goblin corpse The frilled lizard hisses angrily.
You hit the dart slug but do no damage. The dart slug launches a dart at you.
The slug dart hits you.
You die...

Skill      XL: |  1 |
---------------+----+-----
Fighting       | 2 |  2.4
Short Blades   | |  1.3
Dodging        | |  2.4
Stealth        | |  4.0
Spellcasting   | |  2.1
Hexes          | |  3.0

Action                   || total
-------------------------++-------
Melee: Dagger            ||    29
 Stab: Sleeping          ||     2
Armor: Robe              ||     1
Dodge: Dodged            ||    21

Levels and vault maps discovered:
D:1:      lightli_arrival_statuegarden, layout_rooms

Notes
Turn   | Place    | Note
-------+----------+-------------------------------------------
     0 | D:1      | zeratav the Kobold Enchanter began the quest for the Orb.
     0 | D:1      | Reached XP level 1. HP: 10/10 MP: 3/3
     0 | D:1      | magus.rc [v1.9.6]
   104 | D:1      | HP: 2/11 [frozen (5)]
   107 | D:1      | Reached skill level 1 in Fighting
   387 | D:1      | Reached skill level 2 in Fighting
   387 | D:1      | Reached XP level 2. HP: 17/17 MP: 5/5
   403 | D:1      | Killed from afar by a dart slug

Vanquished Creatures
  A gnoll (D:1)
  An endoplasm (D:1)
  A goblin (D:1)
  A hobgoblin (D:1)
  A ball python (D:1)
  A frilled lizard (D:1)
  2 kobolds (D:1)
8 creatures vanquished.

Table legend:
 A = Non-vault XP
 B = Vault XP
 C = Vault XP percentage of total XP
 D = Non-vault monster count
 E = Vault monster count
 F = Vault count percentage of total count
                 A         B        C        D         E       F
            +---------+---------+-------+---------+---------+-------
      Total |      24 |       0 |   0.0 |       8 |       0 |   0.0
            +---------+---------+-------+---------+---------+-------
        D:1 |      24 |       0 |   0.0 |       8 |       0 |   0.0
            +---------+---------+-------+---------+---------+-------

Illustrated notes

Table legend:
 A = Kills in this place as a percentage of kills in entire the game.
 B = Kills by you in this place as a percentage of kills by you in the entire game.
 C = Kills by friends in this place as a percentage of kills by friends in the entire game.
 D = Other kills in this place as a percentage of other kills in the entire game.
 E = Experience gained in this place as a percentage of experience gained in the entire game.
 F = Experience gained in this place divided by the number of levels of this place that you have seen.
                   A       B       C       D       E      F
               +-------+-------+-------+-------+-------+----------------------
         Total | 100.0 | 100.0 |   N/A |   N/A | 100.0 |  24.0
       Dungeon | 100.0 | 100.0 |   N/A |   N/A | 100.0 |  24.0
               +-------+-------+-------+-------+-------+----------------------

Table legend: (Time is in decaauts)
 A = Elapsed time spent in this place.
 B = Non-inter-level travel time spent in this place.
 C = Inter-level travel time spent in this place.
 D = Time resting spent in this place.
 E = Time spent auto-exploring this place.
 F = Levels seen in this place.
 G = Mean time per level.
                   A        B        C        D        E       F      G
               +--------+--------+--------+--------+--------+-----+--------+
         Total |    401 |    401 |      0 |    293 |     47 |   1 |  401.0 |
       Dungeon |    401 |    401 |      0 |    293 |     47 |   1 |  401.0 |
               +--------+--------+--------+--------+--------+-----+--------+

Top non-repeatable levels by time:
     D:1: 401 daAuts
